 Dungeon Crawl Stone Soup version 0.20.0-6-gd3061e9 (webtiles) character file.

478 HungrySpirit the Cutter (level 7, 0/36 HPs)
             Began as a Halfling Ice Elementalist on May 28, 2017.
             Was a Follower of Hepliaklqana.
             Killed by divine providence
             ... invoked by an orc priest
              (14 damage)
             ... on level 4 of the Dungeon.
             The game lasted 00:09:41 (5144 turns).

HungrySpirit the Cutter (Halfling Ice Elementalist) Turns: 5144, Time: 00:09:42

Health: 0/36       AC:  2    Str:  9    XL:     7   Next: 33%
Magic:  7/9        EV: 17    Int: 13    God:    Hepliaklqana [*.....]
Gold:   160        SH:  0    Dex: 17    Spells: 5/9 levels left

rFire    . . .     SeeInvis .   r - +0 short sword
rCold    . . .     Gourm    .   (shield restricted)
rNeg     . . .     Faith    .   a - +0 robe
rPois    .         Spirit   .   (no helmet)
rElec    .         Reflect  .   (no cloak)
rCorr    .         Harm     .   (no gloves)
MR       .....                  (no boots)
Stlth    +++.......             (no amulet)
Regen    0.2/turn               (no ring)
MPRegen  0.2/turn               (no ring)

@: no status effects
A: reduced essence, mutation resistance 1
a: Recall Ancestor, Ancestor Identity, Renounce Religion


You were on level 4 of the Dungeon.
You worshipped Hepliaklqana.
Hepliaklqana was aware of your devotion.
You were hungry.

You visited 1 branch of the dungeon, and saw 4 of its levels.

You collected 160 gold pieces.

Inventory:

Hand Weapons
 k - a +0 blowgun
 r - a +0 short sword (weapon)
 s - a +1 war axe of venom
Missiles
 m - 57 poisoned needles
 n - 2 needles of sleeping
Armour
 a - a +0 robe (worn)
Scrolls
 h - a scroll of teleportation {unknown}
 l - a scroll of fear {unknown}
 p - 3 scrolls of remove curse {unknown}
 t - a scroll of recharging {unknown}
Potions
 e - a potion of heal wounds {unknown}
 f - a potion of curing
 g - 2 potions of lignification
Books
 b - a book of Frost

   Spells                             Type                      Level
   a - Freeze                         Ice                          1
   b - Throw Frost                    Conjuration/Ice              2
   c - Ozocubu's Armour               Charms/Ice                   3
   d - Throw Icicle                   Conjuration/Ice              4
   e - Summon Ice Beast               Ice/Summoning                4
Comestibles
 c - 5 bread rations
 d - 2 chunks of flesh
 j - 2 royal jellies
 q - 3 meat rations


   Skills:
 * Level 6.0 Short Blades
 + Level 4.4 Dodging
 + Level 4.6 Stealth
 - Level 1.5 Spellcasting
   Level 0.7 Conjurations
 - Level 3.0 Ice Magic


You had 5 spell levels left.
You knew the following spells:

 Your Spells              Type           Power        Failure   Level  Hunger
a - Freeze                Ice            #...         8%          1    ##.....
b - Ozocubu's Armour      Chrm/Ice       #.......     41%         3    ####...


Dungeon Overview and Level Annotations

Branches:
Dungeon (4/15)
 Temple: D:4-7

Altars:
Hepliaklqana
Nemelex Xobeh


Innate Abilities, Weirdness & Mutations

You are small and have problems with some larger weapons.
You are somewhat resistant to further mutation.
Your life essence is reduced. (-10% HP)


Message History

Akhenaten hits the orc but does no damage.
The orc priest hits you but does no damage.
The orc closely misses you.
Casting: Freeze
Confirm with . or Enter, or press ? or * to list all spells.
Aiming: Freeze
Press: ? - help, Shift-Dir - straight line, f/p - orc priest
Aim: an orc priest, wielding a mace and wearing a leather armour (moderately wounded)
You freeze the orc priest.
The orc priest is moderately wounded.
Akhenaten closely misses the orc.
The orc priest calls down the wrath of Beogh upon you.
Pain shoots through your body!
* * * LOW HITPOINT WARNING * * *
The orc misses you.
You feel better.
Akhenaten hits the orc but does no damage.
The orc priest invokes the aid of Beogh against you.
Beogh smites you!
You die...

##..######'###.#...
#.(................
#..................
#.................. ###
##....###########.#
####..###....##...###.##.#
#o.....#.....#.........<..
#.o....'o....#............
+......#o@...'.........[..
#o..o..#R....#............
#......#.....#............
##..##.###..###....##....#
#.. ## #######....##....#
... .....$.....+...... ..
.a.........# ...........#
...........#


You could see the friendly Akhenaten the ancestor, an orc priest and 2 orcs.

Vanquished Creatures
  Sigmund (D:3)
  An orc priest (D:3)
  Jessica (D:3)
  A bullfrog skeleton (D:4)
  A worker ant (D:4)
  Terence (D:2)
  Robin (D:3)
  3 adders
  2 worms (D:2)
  4 leopard geckos
  4 orcs (D:3)
  9 bats
  3 giant cockroaches
  12 goblins
  8 hobgoblins
  2 jackals (D:2)
  6 kobolds
  A quokka (D:2)
  A ball python (D:3)
  2 frilled lizards
  9 rats
73 creatures vanquished.

Vanquished Creatures (collateral kills)
  A bullfrog skeleton (D:4)
  A worker ant (D:4)
  3 goblins (D:3)
  4 hobgoblins (D:3)
9 creatures vanquished.

Vanquished Creatures (others)
  An ancestor (D:3)
1 creature vanquished.

Grand Total: 83 creatures vanquished

Notes
Turn   | Place    | Note
-------+----------+-------------------------------------------
     0 | D:1      | HungrySpirit the Halfling Ice Elementalist began the quest for the Orb.
     0 | D:1      | Reached XP level 1. HP: 11/11 MP: 3/3
   441 | D:1      | Reached XP level 2. HP: 4/17 MP: 1/4
  1349 | D:2      | Reached skill level 1 in Short Blades
  1465 | D:2      | Reached XP level 3. HP: 10/21 MP: 2/5
  1899 | D:2      | Reached skill level 2 in Short Blades
  2024 | D:2      | Learned a level 3 spell: Ozocubu's Armour
  2389 | D:2      | Reached XP level 4. HP: 20/27 MP: 0/6
  2675 | D:2      | Found a sparkling altar of Nemelex Xobeh.
  3277 | D:3      | Noticed Terence
  3278 | D:3      | Noticed Jessica
  3307 | D:2      | Killed Terence
  3307 | D:2      | Reached skill level 3 in Short Blades
  3484 | D:3      | Killed Jessica
  3484 | D:3      | Reached XP level 5. HP: 28/31 MP: 3/7
  3930 | D:3      | Reached skill level 4 in Short Blades
  4228 | D:3      | Found a faded altar of an unknown god.
  4263 | D:3      | Became a worshipper of Hepliaklqana the Forgotten
  4263 | D:3      | Reached * piety under Hepliaklqana
  4287 | D:3      | Noticed Robin
  4304 | D:3      | Killed Robin
  4304 | D:3      | Reached XP level 6. HP: 24/32 MP: 5/8
  4541 | D:3      | Noticed Sigmund
  4597 | D:3      | Killed Sigmund
  4597 | D:3      | Reached skill level 5 in Short Blades
  4597 | D:3      | Reached XP level 7. HP: 27/36 MP: 9/9
  5130 | D:4      | Reached skill level 6 in Short Blades
  5144 | D:4      | Killed from afar by an orc priest

Skill      XL: |  1  2  3  4  5  6  7 |
---------------+----------------------+-----
Short Blades   | 1 2 3 4 5 6 |  6.0
Dodging        | 3 4 |  4.4
Stealth        | 3 4 |  4.6
Spellcasting   | |  1.5
Conjurations   | |  0.7
Ice Magic      | |  3.0

Action                   |  1- 3 |  4- 6 |  7- 9 || total
-------------------------+-------+-------+-------++-------
Melee: Unarmed           |    31 |       |       ||    31
       Club              |    29 |       |       ||    29
       Dagger            |    87 |    68 |       ||   155
       Short sword       |       |   115 |    40 ||   155
 Fire: Blowgun           |       |     3 |       ||     3
 Cast: Freeze            |    24 |    33 |     2 ||    59
Invok: Ancestor Identity |       |     1 |       ||     1
  Use: Scroll            |       |     2 |       ||     2
       Potion            |       |     5 |     1 ||     6
 Stab: Sleeping          |     3 |     2 |       ||     5
       Invisible         |       |     1 |       ||     1
       Distracted        |       |       |     1 ||     1
  Eat: Chunk             |     5 |     9 |     1 ||    15
Armor: Robe              |    38 |    21 |     7 ||    66
       Skin              |       |    13 |       ||    13
Dodge: Dodged            |   161 |   157 |    35 ||   353
